 Dungeon Crawl Stone Soup version 0.17-a0-1831-gaadb308 (webtiles) character file.

11 4thArraOfDagon the Gusty (level 2, 0/18 HPs)
             Began as a Centaur Air Elementalist on Sept 14, 2015.
             Slain by a bat (1 damage)
             ... on level 1 of the Dungeon.
             The game lasted 00:02:16 (237 turns).

4thArraOfDagon the Gusty (Centaur Air Elementalist)  Turns: 237, Time: 00:02:16

Health: 0/18       AC:  5    Str:  6 (10) XL:     2   Next: 13%
Magic:  0/4        EV:  9    Int: 14      God:
Gold:   40         SH:  0    Dex:  9      Spells: 1 memorised, 3 levels left

rFire  . . .     SeeInvis .     (no weapon)
rCold  . . .     Clarity  .     a - +0 robe
rNeg   . . .     SustAt   .     (no shield)
rPois  .         Gourm    .     (no helmet)
rElec  .         Spirit   .     (no cloak)
rCorr  .         Warding  .     (no gloves)
rMut   .         Stasis   .     (no barding)
MR     .....                    (no amulet)
Stlth  +.........               (no ring)
                                (no ring)

@: very quick, not resistant to hostile enchantments, very unstealthy
A: hooves 3, molten scales 1, deformed body, speed 2, frail 1, low mp 1, tough
skin 3
a: no special abilities


You were on level 1 of the Dungeon.
You were not hungry.

You visited 1 branch of the dungeon, and saw 1 of its levels.

You collected 40 gold pieces.

Inventory:

Armour
 a - a +0 robe (worn)
 g - a +2 shield
Scrolls
 d - a scroll of teleportation {unknown}
 e - a scroll of remove curse {unknown}
 h - a scroll of random uselessness {unknown}
 i - a scroll of recharging {unknown}
Books
 b - a book of Air

   Spells                             Type                      Level
   a - Shock                          Conjuration/Air              1
   b - Swiftness                      Charms/Air                   2
   c - Repel Missiles                 Charms/Air                   2
   d - Static Discharge               Conjuration/Air              3
   e - Lightning Bolt                 Conjuration/Air              5
Comestibles
 c - a bread ration


   Skills:
 - Level 1.3 Dodging
 - Level 1.2 Stealth
 + Level 1.6 Spellcasting
 * Level 1.3 Conjurations
 * Level 3.0 Air Magic


You had 3 spell levels left.
You knew the following spells:

 Your Spells              Type           Power        Failure   Level  Hunger
a - Shock                 Conj/Air       #...         12%         1    ##.....


Dungeon Overview and Level Annotations

Branches:
Dungeon (1/15)

Altars:


Innate Abilities, Weirdness & Mutations

You have hooves in place of feet.
Armour fits poorly on your strangely shaped body.
You cover ground very quickly.
You have extremely tough skin (AC +3).
You are partially covered in molten scales (AC +1).
You are frail (-10% HP).
Your magical capacity is low (-10% MP).


Message History

The bat hits you but does no damage. x2
Unknown command.
Drink which item? (? for menu, Esc to quit)
It was a potion of mutation.
You feel extremely strange.
Molten scales grow over part of your body.
You feel less energetic.
You feel frail. The bat hits you but does no damage.
Unknown command.
You hit the bat but do no damage. You kick the bat, but do no damage.
The bat is moderately wounded.
The bat hits you but does no damage.
You miss the bat. Your kick misses the bat.
The bat is moderately wounded.
The bat hits you but does no damage. The bat barely misses you.
You closely miss the bat. Your kick misses the bat.
The bat is moderately wounded.
The bat hits you.
* * * LOW HITPOINT WARNING * * *
The bat hits you.
You die...

..##.## .. ...#...#........#
##....# #.# #...............#
##....##.. #####...........#
.#$...#.. #####...........#
......#.# #...............#
#....(..# #......(........#
##..##.## #...............#
......lK#########................
.#...(l..†lgKgKb@...#............
...g######(########..#.##...#....
#...## #...(.....###...###.......
..#..###.........# ###g..........
.#.g(............# #...#.......
.#l#####$........# ###..##.....
...# ########### ##..).†... l###
###...... .# #.......


You could see a hobgoblin, a goblin, a bat, 2 kobolds and a giant newt.

Vanquished Creatures
  A ball python (D:1)
  2 bats (D:1)
  A giant cockroach (D:1)
  4 giant newts (D:1)
  3 goblins (D:1)
  2 kobolds (D:1)
13 creatures vanquished.

Notes
Turn   | Place    | Note
--------------------------------------------------------------
     0 | D:1      | 4thArraOfDagon the Centaur Air Elementalist began the quest for the Orb.
     0 | D:1      | Reached XP level 1. HP: 14/14 MP: 3/3
    41 | D:1      | Reached skill level 1 in Conjurations
   199 | D:1      | Reached XP level 2. HP: 10/20 MP: 0/4
   233 | D:1      | Reached skill level 3 in Air Magic
   234 | D:1      | Gained mutation: You are partially covered in molten scales (AC +1). [potion of mutation]
   234 | D:1      | Gained mutation: Your magical capacity is low (-10% MP). [potion of mutation]
   234 | D:1      | Gained mutation: You are frail (-10% HP). [potion of mutation]
   237 | D:1      | Slain by a bat

Vault maps used:
D:1:      eino_arrival_tree_alley

Action                   || total
-------------------------++-------
Melee: Unarmed           ||    25
Throw: Javelin           ||     7
 Cast: Shock             ||    13
  Use: Potion            ||     3
